 Dungeon Crawl Stone Soup version 0.15.2 (webtiles) character file.

7254 MistressOfTheSands the Martial Artist (level 10, -10/84 HPs)
             Began as a Mummy Monk on Nov 9, 2015.
             Killed by divine providence
             ... invoked by an orc priest
              (12 damage)
             ... on Level 10 of the Dungeon.
             The game lasted 00:37:12 (18410 turns).

MistressOfTheSands the Martial Artist (Mummy Monk) Turns: 18410, Time: 00:37:12

HP -10/84        AC 12     Str 14      XL: 10   Next: 88%
MP  10/10        EV 17     Int 12      God:
Gold 531         SH  0     Dex 21      Spells:  0 memorised,  9 levels left

rFire  x . .     SeeInvis +       - Unarmed
rCold  + + .     Clarity  .     s - +5 robe of Compression {Dex+4 Int+3}
rNeg   + + +     rCorr    .     (no shield)
rPois  +         rRot     +     v - +1 helmet
rElec  .         Spirit   .     f - +2 cloak
SustAb .         Warding  .     (no gloves)
rMut   .         Stasis   .     (no boots)
Gourm  .                        g - amulet of rage
MR     +....                    k - ring of protection from cold
                                u - ring of see invisible

@: somewhat resistant to hostile enchantments, stealthy
A: no food or potions, fire vulnerability, restore body, cold resistance 1,
negative energy resistance 3, poison resistance, torment resistance, unbreathing
a: no special abilities


You were on level 10 of the Dungeon.
You were not hungry.

You visited 1 branch of the dungeon, and saw 10 of its levels.
You also visited: Ossuary.

You collected 531 gold pieces.


Innate Abilities, Weirdness & Mutations

You do not eat or drink.
Your flesh is vulnerable to fire.
Your flesh is cold resistant.
You are immune to negative energy.
Your system is resistant to poisons.
You are immune to unholy pain and torment.
You can survive without breathing.


   Skills:
 + Level 9.7 Fighting
 - Level 5.5 Dodging
 - Level 6.0 Stealth
 - Level 10.0 Unarmed Combat


You had 9 spell levels left.
You didn't know any spells.

Inventory:

Missiles
 b - 115 arrows (quivered)
Armour
 f - a +2 cloak (worn)
 s - the +5 robe of Compression (worn) {Dex+4 Int+3}
   (You found it on level 4 of the Dungeon)

   It affects your intelligence (+3).
   It affects your dexterity (+4).
 v - a +1 helmet (worn)
Comestibles
 a - 10 slices of pizza
 c - 4 beef jerkies
 m - 4 meat rations
 n - 11 bread rations
 o - a royal jelly
Scrolls
 e - 2 scrolls of remove curse
 h - 5 scrolls of teleportation {@r4}
 i - 3 scrolls of immolation {!r}
 j - 3 scrolls of enchant armour
 l - a scroll of blinking
 p - 3 scrolls of fog {unknown}
 q - 2 scrolls of recharging
 r - 3 scrolls of enchant weapon
 t - 3 scrolls of amnesia
 w - a scroll of noise {!r}
Jewellery
 d - an uncursed ring of stealth
 g - an amulet of rage (around neck)
 k - a ring of protection from cold (right hand)
 u - a ring of see invisible (left hand)
 z - an uncursed amulet of resist mutation {unknown}

Dungeon Overview and Level Annotations

Branches:
Dungeon (10/15)            Temple (0/1) D:5            Lair (0/8) D:10
    Orc: D:9-12

Altars:
Ashenzari
Okawaru
Sif Muna
Trog
Vehumet
Zin
Beogh

Shops:
D:4 *   D:8 (

Annotations:
D:1 exclusion: gnoll
D:10 Fannar

#.............#...........
#.............# .........#
#.............####.....###
................. ......
.................. .....
##...........#### .
#...........#
#...........#
#.######M...# #.o..#
#....# .. #....#....
##.######....'....
............##....
............# ...
....Y......# ....Y......#


You could see an orc priest.


Message History

Fannar blinks!
The ice beast completely misses you. The ice beast completely misses you.
Unknown command.
Unknown command.
Read which item? (? for menu, Esc to quit)
As you read the scroll of fear, it crumbles to dust.
You assume a fearsome visage.
The ice beast looks frightened!
The ice beast looks frightened! x2
The orc priest looks frightened!
Fannar looks frightened!
The ice beast looks frightened!
Fannar moves out of view.
The orc priest mumbles some strange prayers to Beogh.
You feel troubled.
Cornered, the orc priest turns to fight!
The orc priest prays to Beogh.
You feel troubled.
The orc priest utters an invocation to Beogh.
You feel a wave of unholy energy pass over you.
The orc priest invokes the aid of Beogh against you.
Something smites you!
* * * LOW HITPOINT WARNING * * *
You hit the orc priest.
The orc priest is moderately wounded.
The orc priest barely misses you.
You hit the orc priest.
The orc priest is severely wounded.
You closely miss the orc priest.
The orc priest is severely wounded.
The orc priest calls down the wrath of Beogh upon you.
Something smites you!
You die...

Action                   |  1- 3 |  4- 6 |  7- 9 | 10-12 || total
-------------------------+-------+-------+-------+-------++-------
Melee: Unarmed           |   171 |   357 |   843 |   412 ||  1783
  Use: Scroll            |       |       |    11 |     4 ||    15
 Stab: Sleeping          |     1 |     2 |     6 |    10 ||    19
       Distracted        |       |     1 |     2 |     1 ||     4

Vault maps used:
D:1:      lemuel_arrival_behind_the_door_large
D:2:      kennysheep_goblin_castle, vehumet_crystals,
          gammafunk_temple_overflow_claw
D:3:      uniq_iyjb
D:4:      overflow_temple_1_default, nicolae_elemental_shop, uniq_blork_the_orc
D:5:      lemuel_temple_firewalk, enter_ossuary_4, first_bread,
          evilmike_ruin_ashenzari
D:6:      basic_altar, trog_butcher_becter
D:7:      david_defended_altar_orc
D:8:      serial_shops, shop_fountains, grunt_livestock
D:9:      uniq_erolcha, uniq_psyche
D:10:     erik_lair_orcish_takeover, uniq_fannar
Ossuary:  ossuary_minmay_chase

Notes
Turn   | Place    | Note
--------------------------------------------------------------
     0 | D:1      | MistressOfTheSands, the Mummy Monk, began the quest for the Orb.
     0 | D:1      | Reached XP level 1. HP: 18/18 MP: 1/1
   323 | D:1      | Reached XP level 2. HP: 21/24 MP: 2/2
   953 | D:1      | Reached skill level 4 in Unarmed Combat
  1286 | D:1      | Reached XP level 3. HP: 22/29 MP: 3/3
  2115 | D:2      | Reached XP level 4. HP: 21/35 MP: 4/4
  2325 | D:2      | Found a radiant altar of Vehumet.
  3311 | D:2      | Noticed Ijyb
  3412 | D:2      | Reached skill level 5 in Unarmed Combat
  3814 | D:2      | Found a glowing silver altar of Zin.
  3814 | D:2      | Found a shattered altar of Ashenzari.
  3816 | D:2      | Found a deep blue altar of Sif Muna.
  4046 | D:2      | Found a radiant altar of Vehumet.
  4260 | D:2      | Found a glowing silver altar of Zin.
  4260 | D:2      | Found a deep blue altar of Sif Muna.
  4380 | D:2      | Found a shattered altar of Ashenzari.
  4535 | D:2      | Killed Ijyb
  4535 | D:2      | Reached XP level 5. HP: 18/41 MP: 5/5
  6383 | D:4      | Noticed Blork the orc
  6404 | D:4      | Killed Blork the orc
  6404 | D:4      | Reached skill level 4 in Fighting
  6404 | D:4      | Reached XP level 6. HP: 12/49 MP: 6/6
  6829 | D:4      | Found Lammomyo's Elemental Accessories.
  6879 | D:4      | Reached skill level 5 in Fighting
  6899 | D:4      | Noticed an ogre
  6993 | D:4      | Killed an ogre
  7272 | D:4      | Found an iron altar of Okawaru.
  7483 | D:4      | Got a silk robe
  7494 | D:4      | Identified the cursed +5 robe of Compression {Dex+4 Int+3} (You found it on level 4 of the Dungeon)
  7672 | D:4      | Reached skill level 6 in Fighting
  7672 | D:4      | Reached XP level 7. HP: 42/58 MP: 7/7
  7825 | D:5      | Entered Level 5 of the Dungeon
  7858 | D:5      | Found a shattered altar of Ashenzari.
  8041 | D:5      | Reached skill level 6 in Unarmed Combat
  8084 | D:5      | Found a sand-covered staircase.
  8171 | Ossuary  | Entered an ossuary
  8611 | Ossuary  | Reached skill level 7 in Unarmed Combat
  9050 | D:4      | Reached XP level 8. HP: 18/64 MP: 8/8
 10045 | D:5      | Reached skill level 8 in Unarmed Combat
 10116 | D:5      | Found a staircase to the Ecumenical Temple.
 10382 | D:6      | Reached skill level 7 in Fighting
 10838 | D:6      | Reached skill level 8 in Fighting
 11312 | D:6      | Found a deep blue altar of Sif Muna.
 11345 | D:6      | Reached skill level 3 in Dodging
 11345 | D:6      | Reached XP level 9. HP: 67/74 MP: 9/9
 11707 | D:6      | Found a bloodstained altar of Trog.
 12095 | D:6      | Reached skill level 4 in Dodging
 12627 | D:6      | Reached skill level 5 in Dodging
 13471 | D:7      | Found a roughly hewn altar of Beogh.
 14209 | D:7      | Reached skill level 9 in Unarmed Combat
 14657 | D:9      | Noticed Psyche
 14668 | D:9      | Killed Psyche
 14668 | D:9      | Reached skill level 3 in Stealth
 14899 | D:8      | Noticed GhostOklob's ghost (experienced DDBe)
 14936 | D:8      | Killed GhostOklob's ghost
 14936 | D:8      | Reached skill level 4 in Stealth
 14936 | D:8      | Reached XP level 10. HP: 48/80 MP: 10/10
 14992 | D:8      | Reached skill level 5 in Stealth
 15781 | D:7      | Reached skill level 6 in Stealth
 15989 | D:8      | Found Mustraatu's Antique Weapon Shop.
 16851 | D:9      | Reached skill level 10 in Unarmed Combat
 16873 | D:9      | Noticed Erolcha
 17322 | D:9      | Killed Erolcha
 17322 | D:9      | Reached skill level 9 in Fighting
 17731 | D:10     | Entered Level 10 of the Dungeon
 17742 | D:10     | Found a staircase to the Lair.
 18348 | D:10     | Noticed Fannar
 18407 | D:10     | HP: 1/84 [orc priest/divine providence (11)]
 18410 | D:10     | Killed from afar by an orc priest

Vanquished Creatures
  Erolcha (D:9)
  The ghost of GhostOklob the Basher, an experienced DDBe of Trog (D:8)
  Psyche (D:9)
  2 hogs (D:8)
  A hippogriff (D:8)
  A deep elf mage (D:9)
  A human (D:8)
  A steam dragon (D:9)
  A warg (D:9)
  2 orc warriors
  3 phantoms
  2 necrophages
  A black bear (D:8)
  5 ogres
  3 centaurs
  A sky beast (D:4)
  A hog zombie (D:8)
  A crocodile (D:8)
  6 giant frogs
  3 elf zombies (Ossuary)
  Blork the orc (D:4)
  12 killer bees
  5 wights
  3 crimson imps
  A two-headed ogre zombie (D:6)
  3 goliath beetles
  7 hounds
  2 jellies
  A human zombie (Ossuary)
  4 iguanas
  11 orc priests
  A gnoll shaman (D:8)
  11 orc wizards
  6 worker ants
  4 sheep
  Ijyb (D:2)
  A big kobold zombie (D:6)
  3 mummies (Ossuary)
  A hound skeleton (D:5)
  2 worker ant zombies
  12 adders
  6 gnolls (D:8)
  3 orc skeletons
  4 shadow imps
  A giant mite (D:2)
  3 worms
  5 adder zombies
  An iguana skeleton (D:9)
  3 orc zombies
  An adder skeleton (D:9)
  3 giant geckos
  2 oozes
  34 orcs
  17 bats
  9 giant cockroaches
  17 hobgoblins
  13 jackals
  19 kobolds
  5 quokkas
  A ball python (D:3)
  2 giant newts (D:4)
  A giant spore (D:7)
  18 goblins
  4 goblin zombies (Ossuary)
  2 hobgoblin zombies
  2 kobold zombies (Ossuary)
  2 quokka zombies
  10 rats
  A rat skeleton (D:5)
  3 rat zombies
  7 ballistomycetes
329 creatures vanquished.

Vanquished Creatures (others)
  A hobgoblin (D:8)
  A giant spore (D:8)
2 creatures vanquished.

Grand Total: 331 creatures vanquished
